 Dungeon Sprint DCSS version 0.29-a0-723-gce39da1c22 (webtiles) character file.

Game seed: 17280530402639607681

8507 zeratav the Spry (level 11, -2/42 HPs)
             Began as a Spriggan Brigand on June 28, 2022.
             Was the Champion of Wu Jian.
             Slain by an orange demon (7 damage)
             ... summoned by a kobold demonologist
             ... in the Dungeon (Sprint I: "Red Sonja").
             The game lasted 00:11:56 (1574 turns).

zeratav the Spry (Spriggan Brigand)                 Turns: 1574, Time: 00:11:57

Health: -2/42      AC:  5    Str:  5      XL:     11   Next: 10%
Magic:  9/9        EV: 32    Int:  7 (8)  God:    Wu Jian [******]
Gold:   948        SH:  0    Dex: 20      Spells: 10/10 levels left

rFire   . . .      SeeInvis +   a - +2 dagger {short}
rCold   . . .      Faith    .   (no shield)
rNeg    . . .      Spirit   .   o - +0 troll leather armour
rPois   .          Reflect  .   (helmet restricted)
rElec   .          Harm     .   c - +0 cloak
rCorr   .          Rampage  .   (gloves unavailable)
Will    +....      Rage     3%  (boots unavailable)
Stlth   ++++++.... NoTele   +   (no amulet)
HPRegen 0.94/turn               (no ring)
MPRegen 0.11/turn               (no ring)

@: spiked, unable to read, unable to drink, very quick
A: very small, no large weapons, unfitting armour, see invisible, speed 3,
berserk 1, clumsy 1, deformed body, deterioration 2, dopey 2, frail 3, low MP 2,
weak 1, subdued magic 1, inability to drink while threatened 2, inability to
read while threatened 2
a: Renounce Religion, Wall Jump, Serpent's Lash, Heavenly Storm


You were in the Dungeon.
You worshipped Wu Jian.
Wu Jian was exalted by your worship.
You visited 1 branch You collected 1044 gold pieces.
You spent 96 gold pieces at shops.


Innate Abilities, Weirdness & Mutations

You are very small and have problems with some larger weapons.
You are too small for most types of armour.
You have supernaturally acute eyesight. (SInv)
You cover ground extremely quickly. (Speed+++)
You sometimes lose your temper in combat.
You are clumsy. (Dex -2)
Armour fits poorly on your strangely shaped body.
Your body often deteriorates upon taking damage.
You are very dopey. (Int -4)
You are extremely frail. (-30% HP)
Your magical capacity is very low. (-20% MP)
You are weak. (Str -2)
Your spells are a little easier to cast, but a little less powerful.
You sometimes lose the ability to drink potions when taking damage.
You sometimes lose the ability to read scrolls when taking damage.


   Skills:
 - Level 8.0 Fighting
 - Level 10.0 Short Blades
 - Level 2.0 Throwing
 + Level 11.2 Armour
 - Level 20.0 Dodging
 - Level 15.0 Stealth
 - Level 10.0 Evocations


You had 10 spell levels left.
You didn't know any spells.
Your spell library was empty.

Inventory:

Hand Weapons
 a - a +2 dagger (weapon) {short}
Missiles
 d - 8 poisoned darts (quivered) {throwing}
 e - 6 curare-tipped darts {=fthrowing}
Armour
 c - a +0 cloak (worn)
 o - a +0 troll leather armour (worn)
   (You found it in the Dungeon)
Jewellery
 b - a ring of positive energy
   (You found it in the Dungeon)
 q - a ring of flight
   (You found it in the Dungeon)
Wands
 l - a wand of paralysis (11)
   (You took it off Ijyb in the Dungeon)
 n - a wand of iceblast (12)
   (You took it off Sonja in the Dungeon)
 p - a wand of flame (8)
   (You found it in the Dungeon)
Scrolls
 k - a scroll of blinking {!r}
Potions
 f - 3 potions of curing {@q1}
 g - a potion of heal wounds {@q2}
 h - a potion of haste {@q3}
 i - 4 potions of magic
 j - a potion of berserk rage {!q}
 m - a potion of resistance {unknown}
Miscellaneous
 r - a condenser vane
   (You found it in the Dungeon)
 s - a tin of tremorstones (2/2) {throwing}
   (You found it in the Dungeon)

Dungeon Overview and Level Annotations

Branches:
Dungeon (1/1) Zot: 27000

Altars:
Cheibriados
Dithmenos
Elyvilon
Fedhas
Gozag
Hepliaklqana
Kikubaaqudgha
Makhleb
Nemelex Xobeh
Okawaru
Qazlal
Ru
Sif Muna
Trog
Uskayaw
Vehumet
Wu Jian
Xom
Yredelemnul
Zin
The Shining One
Jiyva
Lugonu

Shops:
D

=?(===(!=*(*[=[(**([[
###################
..#.)'..#__#..'43K#
..'..#..'..'..#K@4#
#'#####'#__####555+
..#...#.####§[#####
###..##[#≈§§§§#..#
__##'#_.'§≈§§.'..#
...'..._#§§§§§#§.#
__##_.#'##'#####§###
__###'#.#[.(§###§§§#
#####[####'###.###§#


You could see a sun demon (summoned), an orange demon (summoned), 2 kobold
demonologists, a red devil (summoned), a crimson imp (summoned), a white imp
(summoned) and an ufetubus (summoned).


Message History

Really quaff
t - a potion of mutation {!q}?
Really quaff the potion of mutation?
You feel extremely strange.
You feel more energetic.
You feel stronger.
You begin to regenerate regardless of the presence of monsters.
There is an open door here.
There is an open gate here.
There is an open door here.
There is an open door here.
There is an open door here.
There is an open door here.
You see here a +0 shortbow {bow}.
You enter the shallow water.
Moving in this stuff is going to be slow.
There is an open door here.
There is an open door here.
There is an open door here.
There is an open door here.
There is a huge open gate here.
You open the huge gate.
Found four shops.
There is a huge open gate here.
MP[+1]
Your mp is fully restored (9).
There is an entrance to Vidac's Magic Scroll Shoppe here.
There is an entrance to Wiust's Antique Weapon Emporium here.
There is an entrance to Ysarorue's Jewellery Boutique here.
Shopping list: replace 275gp ring of protection from fire on this level with cheaper one? (Y/n)
You can access your shopping list by pressing '$'.
There is an entrance to Oladootua's Jewellery Shop here.
Search for what [Enter for "mut", or ? for help]? stealth Unknown command.
There is a huge open gate here.
There is a huge open gate here.
There is an open door here.
There is an open door here.
There is an open door here.
There is an open door here.
There is an open door here.
You enter the shallow water.
Moving in this stuff is going to be slow.
As you open the door, it creaks loudly!
There is an open door here.
You see here a +0 ring mail.
There is an open door here.
There is an open door here.
There is an open door here.
You open the door.
A kobold demonologist and a floating eye come into view.
A kobold demonologist comes into view. It is wielding a +0 dagger.
There is an open door here.
The helpless floating eye fails to defend itself.
You skewer the floating eye like a kebab!!!!
You kill the floating eye!
The Council accepts your kill.
The kobold demonologist shouts! x2
The kobold demonologist gestures wildly while chanting.
You spin and attack the kobold demonologist.
You closely miss the kobold demonologist.
You barely miss the kobold demonologist.
The kobold demonologist casts a spell.
The kobold demonologist barely misses you.
The red devil hits you with a +0 demon trident of pain!
You feel threatened and lose the ability to read scrolls!
You feel threatened and lose the ability to drink potions!
Barbed spikes become lodged in your body.
You writhe in agony.
HP[-13]
You take 13 damage, and now have 29/42 hp.
MASSIVE DAMAGE!! (PAUSE)
You hit the kobold demonologist but do no damage.
You hit the kobold demonologist.
The kobold demonologist completely misses you.
The kobold demonologist casts a spell.
The red devil completely misses you. The orange demon closely misses you.
The orange demon completely misses you.
HP[+1]
You closely miss the kobold demonologist.
You barely miss the kobold demonologist.
You can drink potions again.
The kobold demonologist misses you.
The kobold demonologist mumbles some strange words.
The sun demon completely misses you. The red devil completely misses you.
The orange demon misses you. The orange demon barely misses you.
HP[+1]
You hit the kobold demonologist. You hit the kobold demonologist.
The ufetubus completely misses you. The ufetubus closely misses you.
The sun demon completely misses you.
The kobold demonologist hits you with a +0 dagger.
You feel threatened and lose the ability to drink potions!
The kobold demonologist misses you.
The red devil hits you with a +0 demon trident of pain!!
Ouch! That really hurt!
* * * LOW HITPOINT WARNING * * *
Your body deteriorates!
You feel dopey.
Barbed spikes become lodged in your body.
You writhe in agony.
* * * LOW HITPOINT WARNING * * *
The orange demon stings you!
You die...

Skill      XL: |  1  2  3  4  5  6  7  8  9 10 11 |
---------------+----------------------------------+-----
Stealth        | 10 15 | 15.0
Fighting       | 2 6 8 |  8.0
Short Blades   | 7 10 | 10.0
Dodging        | 10 15 16 17 20 | 20.0
Evocations     | 1 10 | 10.0
Armour         | 3 5 10 11 | 11.2
Throwing       | |  2.0

Action                   |  1- 3 |  4- 6 |  7- 9 | 10-12 || total
-------------------------+-------+-------+-------+-------++-------
Melee: Dagger            |     3 |     4 |    10 |   184 ||   201
       Punch             |       |       |       |     5 ||     5
Throw: Dart              |     4 |       |     5 |       ||     9
Invok: Lunge             |       |     3 |     7 |    14 ||    24
       Whirlwind         |       |       |     2 |    16 ||    18
       Serpent's Lash    |       |       |     1 |     3 ||     4
       Heavenly Storm    |       |       |       |     1 ||     1
Evoke: Wand              |       |       |     3 |     1 ||     4
  Use: Scroll            |       |       |     1 |       ||     1
       Potion            |       |       |       |     1 ||     1
 Stab: Sleeping          |     1 |     4 |     9 |    13 ||    27
       Paralysed         |       |       |     1 |       ||     1
Armor: Troll leather arm |       |       |       |     2 ||     2
Dodge: Dodged            |     1 |       |     1 |    55 ||    57

Levels and vault maps discovered:
D:        dungeon_sprint_1 [red_sonja_temple_1, red_sonja_temple_small_1]

Notes
Turn   | Place    | Note
-------+----------+-------------------------------------------
     0 | D        | zeratav the Spriggan Brigand began the quest for the Orb.
     0 | D        | Reached XP level 1. HP: 10/10 MP: 2/2
     0 | D        | magus.rc [v1.9.6]
     1 | D        | Noticed Ijyb
     4 | D        | Killed Ijyb
     5 | D        | Reached skill level 10 in Stealth
     5 | D        | Reached skill level 2 in Fighting
     5 | D        | Reached XP level 2. HP: 16/16 MP: 3/3
     7 | D        | Noticed an ogre
    27 | D        | Killed an ogre
    28 | D        | Reached skill level 6 in Fighting
    28 | D        | Reached XP level 3. HP: 24/24 MP: 4/4
    28 | D        | Reached XP level 4. HP: 28/28 MP: 5/5
    49 | D        | Noticed Sigmund
    52 | D        | Killed Sigmund
    53 | D        | Reached skill level 8 in Fighting
    53 | D        | Reached skill level 7 in Short Blades
    53 | D        | Reached XP level 5. HP: 34/34 MP: 6/6
    53 | D        | Reached XP level 6. HP: 39/39 MP: 7/7
    65 | D        | Found a burning altar of Makhleb.
    65 | D        | Found a viscous altar of Jiyva.
    65 | D        | Found a shimmering altar of Xom.
    65 | D        | Found a corrupted altar of Lugonu.
    65 | D        | Noticed a slime creature
    67 | D        | Found an ornate altar of the Wu Jian Council.
    67 | D        | Found a shimmering blue altar of Sif Muna.
    69 | D        | Found a radiant altar of Vehumet.
    72 | D        | Became a worshipper of the Wu Jian Council
    75 | D        | Reached skill level 8 in Short Blades
    83 | D        | Killed a slime creature
    84 | D        | Reached skill level 10 in Short Blades
    84 | D        | Reached skill level 7 in Dodging
    92 | D        | Found Bairovun's Jewellery Emporium.
    92 | D        | Found an ancient bone altar of Kikubaaqudgha.
    92 | D        | Found a hazy altar of Hepliaklqana.
    92 | D        | Found a stormy altar of Qazlal.
    92 | D        | Found a hide-covered altar of Uskayaw.
    92 | D        | Found a blossoming altar of Fedhas.
    92 | D        | Found a bloodstained altar of Trog.
    92 | D        | Found an iron altar of Okawaru.
    92 | D        | Found a basalt altar of Yredelemnul.
    92 | D        | Found a glowing golden altar of the Shining One.
    92 | D        | Found a snail-covered altar of Cheibriados.
    92 | D        | Found a sacrificial altar of Ru.
    92 | D        | Found a glowing silver altar of Zin.
    92 | D        | Found a shadowy altar of Dithmenos.
    92 | D        | Found a white marble altar of Elyvilon.
    92 | D        | Noticed a yak
    93 | D        | Found an opulent altar of Gozag.
    93 | D        | Killed a yak
    93 | D        | Reached * piety under Wu Jian
    94 | D        | Reached skill level 10 in Dodging
    94 | D        | Reached XP level 7. HP: 43/43 MP: 8/8
   110 | D        | Found a sparkling altar of Nemelex Xobeh.
   121 | D        | Noticed Sonja
   124 | D        | Killed Sonja
   125 | D        | Reached skill level 15 in Dodging
   125 | D        | Reached skill level 1 in Evocations
   125 | D        | Reached XP level 8. HP: 47/47 MP: 9/9
   180 | D        | Found Giokoz's Jewellery Boutique.
   343 | D        | Noticed a deep troll
   364 | D        | Killed a deep troll
   365 | D        | Reached skill level 13 in Stealth
   365 | D        | Reached skill level 7 in Evocations
   480 | D        | Identified the +1 leather armour of Kumpolui {MP+9 Stlth+}
   488 | D        | Found Nemideg's Armour Emporium.
   542 | D        | Noticed a centaur warrior
   543 | D        | Noticed a centaur warrior
   544 | D        | Killed a centaur warrior
   544 | D        | Reached ** piety under Wu Jian
   544 | D        | Killed a centaur warrior
   545 | D        | Reached skill level 15 in Stealth
   545 | D        | Reached skill level 10 in Evocations
   545 | D        | Reached skill level 3 in Armour
   545 | D        | Reached skill level 16 in Dodging
   545 | D        | Reached XP level 9. HP: 51/51 MP: 10/10
   654 | D        | Reached skill level 4 in Armour
   664 | D        | Noticed an oklob plant
   665 | D        | Killed an oklob plant
   666 | D        | Reached skill level 5 in Armour
   666 | D        | Reached skill level 17 in Dodging
   674 | D        | Reached *** piety under Wu Jian
   686 | D        | Noticed an unseen horror
   687 | D        | Noticed an unseen horror
   692 | D        | Killed an unseen horror
   692 | D        | Reached XP level 10. HP: 56/56 MP: 11/11
   692 | D        | Reached skill level 6 in Armour
   692 | D        | Reached skill level 18 in Dodging
   714 | D        | Reached **** piety under Wu Jian
   874 | D        | Reached ***** piety under Wu Jian
   875 | D        | Reached skill level 19 in Dodging
  1197 | D        | Found Jiponil's Distillery.
  1197 | D        | Found Keisy's Antique Weapon Shop.
  1197 | D        | Found Faboem's Jewellery Boutique.
  1199 | D        | Found Orris's Assorted Antiques.
  1199 | D        | Found Vumidiog's Weapon Shop.
  1199 | D        | Found Cept's Assorted Antiques.
  1199 | D        | Found Ziapp's Antique Armour Boutique.
  1199 | D        | Found Waucuel's Jewellery Emporium.
  1199 | D        | Found Wosyvir's Armour Shop.
  1199 | D        | Found Dawiv's Weapon Shoppe.
  1203 | D        | Found Xahe's General Store.
  1204 | D        | Found Tetoucw's Weapon Emporium.
  1204 | D        | Found Hiashafe's General Store.
  1205 | D        | Found Maebup's Antique Armour Emporium.
  1274 | D        | Noticed a shining eye
  1274 | D        | Noticed a shining eye
  1274 | D        | Noticed a shining eye
  1274 | D        | Noticed a shining eye
  1274 | D        | Noticed a shining eye
  1274 | D        | Noticed a shining eye
  1277 | D        | Reached skill level 20 in Dodging
  1277 | D        | Noticed a shining eye
  1277 | D        | Noticed a shining eye
  1277 | D        | Killed a shining eye
  1277 | D        | Reached ****** piety under Wu Jian
  1279 | D        | Killed a shining eye
  1279 | D        | Gained mutation: You are dopey. (Int -2) [a shining eye]
  1280 | D        | Reached skill level 7 in Armour
  1283 | D        | Gained mutation: You occasionally lose the ability to read
                  | scrolls when taking damage. [a shining eye]
  1284 | D        | Gained mutation: Your body sometimes deteriorates upon
                  | taking damage. [a shining eye]
  1284 | D        | Gained mutation: You are strong-willed. (Will+) [a shining
                  | eye]
  1286 | D        | Gained mutation: Your magical capacity is low. (-10% MP) [a
                  | shining eye]
  1287 | D        | Killed a shining eye
  1288 | D        | Reached skill level 8 in Armour
  1291 | D        | Gained mutation: You sometimes lose the ability to read
                  | scrolls when taking damage. [a shining eye]
  1292 | D        | Gained mutation: Your body often deteriorates upon taking
                  | damage. [a shining eye]
  1294 | D        | Lost mutation: You are strong-willed. (Will+) [a shining
                  | eye]
  1295 | D        | Paralysed by a floating eye for 2 turns
  1297 | D        | Gained mutation: You are frail. (-10% HP) [a shining eye]
  1297 | D        | Gained mutation: Your spells are a little easier to cast,
                  | but a little less powerful. [a shining eye]
  1301 | D        | Gained mutation: You occasionally lose the ability to drink
                  | potions when taking damage. [a shining eye]
  1303 | D        | Paralysed by a floating eye for 3 turns
  1304 | D        | Gained mutation: Your magical capacity is very low. (-20%
                  | MP) [a shining eye]
  1304 | D        | Gained mutation: You are very frail. (-20% HP) [a shining
                  | eye]
  1305 | D        | Gained mutation: You do not regenerate when monsters are
                  | visible. [a shining eye]
  1307 | D        | Killed a shining eye
  1308 | D        | Reached skill level 9 in Armour
  1308 | D        | Gained mutation: Your magical capacity is extremely low.
                  | (-30% MP) [a shining eye]
  1314 | D        | Gained mutation: You are extremely frail. (-30% HP) [a
                  | shining eye]
  1319 | D        | Gained mutation: You sometimes lose your temper in combat.
                  | [a shining eye]
  1325 | D        | Gained mutation: Armour fits poorly on your strangely
                  | shaped body. [a shining eye]
  1325 | D        | Lost mutation: You sometimes lose your temper in combat. [a
                  | shining eye]
  1328 | D        | Gained mutation: You are very dopey. (Int -4) [a shining
                  | eye]
  1328 | D        | Gained mutation: You sometimes lose the ability to drink
                  | potions when taking damage. [a shining eye]
  1331 | D        | Gained mutation: You are weak. (Str -2) [a shining eye]
  1331 | D        | Gained mutation: You sometimes lose your temper in combat.
                  | [a shining eye]
  1334 | D        | Killed a shining eye
  1335 | D        | Reached skill level 10 in Armour
  1339 | D        | Killed a shining eye
  1340 | D        | Reached XP level 11. HP: 42/42 MP: 8/8
  1340 | D        | Gained mutation: You are clumsy. (Dex -2) [a shining eye]
  1345 | D        | Killed a shining eye
  1345 | D        | Gained mutation: You are very weak. (Str -4) [a shining
                  | eye]
  1352 | D        | Killed a shining eye
  1353 | D        | Reached skill level 11 in Armour
  1456 | D        | Bought a potion of mutation for 96 gold pieces
  1456 | D        | Lost mutation: Your magical capacity is extremely low.
                  | (-30% MP) [potion of mutation]
  1456 | D        | Lost mutation: You are very weak. (Str -4) [potion of
                  | mutation]
  1456 | D        | Lost mutation: You do not regenerate when monsters are
                  | visible. [potion of mutation]
  1504 | D        | Found Oladootua's Jewellery Shop.
  1504 | D        | Found Vidac's Magic Scroll Shoppe.
  1504 | D        | Found Ysarorue's Jewellery Boutique.
  1504 | D        | Found Wiust's Antique Weapon Emporium.
  1571 | D        | Noticed a sun demon
  1574 | D        | HP: 6/42 [red devil/+0 demon trident of pain[a kobold
                  | demonologist] (22)]
  1574 | D        | Slain by an orange demon

Vanquished Creatures
  2 centaur warriors (D)
  Sonja (D)
  A deep troll (D)
  An oklob plant (D)
  8 shining eyes (D)
  2 unseen horrors (D)
  A hornet (D)
  A slime creature (D)
  Sigmund (D)
  A yak (D)
  2 redbacks (D)
  6 floating eyes (D)
  An ogre (D)
  7 necrophages (D)
  8 jellies (D)
  Ijyb (D)
  A ballistomycete spore (D)
45 creatures vanquished.

Vanquished Creatures (others)
  A ballistomycete spore (D)
1 creature vanquished.

Grand Total: 46 creatures vanquished

Table legend:
 A = Non-vault XP
 B = Vault XP
 C = Vault XP percentage of total XP
 D = Non-vault monster count
 E = Vault monster count
 F = Vault count percentage of total count
                 A         B        C        D         E       F
            +---------+---------+-------+---------+---------+-------
      Total |       0 |   12154 | 100.0 |       0 |      44 | 100.0
            +---------+---------+-------+---------+---------+-------
          D |       0 |   12154 | 100.0 |       0 |      44 | 100.0
            +---------+---------+-------+---------+---------+-------

Illustrated notes

Table legend:
 A = Kills in this place as a percentage of kills in entire the game.
 B = Kills by you in this place as a percentage of kills by you in the entire game.
 C = Kills by friends in this place as a percentage of kills by friends in the entire game.
 D = Other kills in this place as a percentage of other kills in the entire game.
 E = Experience gained in this place as a percentage of experience gained in the entire game.
 F = Experience gained in this place divided by the number of levels of this place that you have seen.
                   A       B       C       D       E      F
               +-------+-------+-------+-------+-------+----------------------
         Total | 100.0 | 100.0 |   N/A |   N/A | 100.0 | 12154.0
       Dungeon | 100.0 | 100.0 |   N/A |   N/A | 100.0 | 12154.0
               +-------+-------+-------+-------+-------+----------------------

Table legend: (Time is in decaauts)
 A = Elapsed time spent in this place.
 B = Non-inter-level travel time spent in this place.
 C = Inter-level travel time spent in this place.
 D = Time resting spent in this place.
 E = Time spent auto-exploring this place.
 F = Levels seen in this place.
 G = Mean time per level.
                   A        B        C        D        E       F      G
               +--------+--------+--------+--------+--------+-----+--------+
         Total |   1245 |   1130 |    115 |    598 |      0 |   1 | 1245.0 |
       Dungeon |   1245 |   1130 |    115 |    598 |      0 |   1 | 1245.0 |
               +--------+--------+--------+--------+--------+-----+--------+

Top non-repeatable levels by time:
       D: 1245 daAuts
